 Dungeon Sprint DCSS version 0.30-a0-458-g86641cc369 (webtiles) character file.

Game seed: 13003676968940863387

3406 rocky1 the Cleaver (level 10, -6/118 HPs)
             Began as an Ogre Gladiator on Dec 15, 2022.
             Was an Elder of Okawaru.
             Mangled by an elephant (12 damage)
             ... in the Dungeon (Sprint VII: "The Pits").
             The game lasted 00:05:28 (1895 turns).

rocky1 the Cleaver (Ogre Gladiator)                 Turns: 1895, Time: 00:05:29

Health: -6/118     AC:  3    Str: 24    XL:     10   Next: 4%
Magic:  8/11       EV: 12    Int:  9    God:    Okawaru [****..]
Gold:   0          SH:  0    Dex: 10    Spells: 9/9 levels left

rFire   . . .      SeeInvis .    u - +2 war axe (vorpal)
rCold   . . .      Faith    .    (no shield)
rNeg    . . .      Spirit   .    b - +0 robe
rPois   .          Reflect  .    c - +0 hat
rElec   .          Harm     .    (no cloak)
rCorr   .          Rampage  .    (gloves unavailable)
Will    +....      NoTele   +    (boots unavailable)
Stlth   +.........               (no amulet)
HPRegen 0.39/turn                (no ring)
MPRegen 0.12/turn                (no ring)

@: no status effects
A: large, unfitting armour, tough skin 1
a: Renounce Religion, Heroism, Finesse


You were in the Dungeon.
You worshipped Okawaru.
Okawaru was greatly pleased with you.
You visited 1 branch

Inventory:

Hand Weapons
 a - a +0 war axe
 n - a +1 hand axe of freezing
 p - a +1 dire flail of protection
 t - a +2 dire flail of protection
 u - a +2 vorpal war axe (weapon)
 v - the +12 glaive of Prune {vorpal}
   (You found it in the Dungeon)

   It inflicts extra damage upon your enemies.
   It halves damage taken while paralysed, petrified or unconscious.
Missiles
 d - 3 throwing nets
 e - a large rock
 w - an atropa-tipped dart (quivered)
Armour
 b - a +0 robe (worn)
 c - a +0 hat (worn)
Jewellery
 h - a +3 ring of dexterity
 r - a +3 ring of evasion
Scrolls
 k - a scroll of blinking
 m - 5 scrolls of amnesia
Potions
 f - 7 potions of curing
 g - 11 potions of heal wounds
 i - 4 potions of magic
 j - 2 potions of berserk rage
 l - a potion of invisibility
 o - a potion of mutation {unknown}
 q - a potion of brilliance
 s - a potion of haste


   Skills:
 + Level 12.8 Fighting
 * Level 13.9(14.6) Axes
 + Level 6.7(10.6) Maces & Flails
 + Level 9.8 Throwing
 + Level 9.4 Dodging
 + Level 2.5 Invocations


You had 9 spell levels left.
You didn't know any spells.
Your spell library was empty.

Dungeon Overview and Level Annotations

Branches:
Dungeon (1/1)

Altars:
Ashenzari
Cheibriados
Dithmenos
Elyvilon
Fedhas
Gozag
Hepliaklqana
Kikubaaqudgha
Makhleb
Nemelex Xobeh
Okawaru
Qazlal
Ru
Sif Muna
Trog
Uskayaw
Vehumet
Wu Jian
Xom
Yredelemnul
Zin
The Shining One
Jiyva
Lugonu


Innate Abilities, Weirdness & Mutations

You are too large for most types of armour.
You have tough skin. (AC +1)


Message History

You feel like a meek peon again. The dream sheep barely misses you.
You hit the dream sheep.
The dream sheep is severely wounded.
You slice the dream sheep!!
You kill the dream sheep!
Okawaru is honoured by your kill. Okawaru grants you throwing weapons!
Something appears at your feet!
You slash the jumping spider!
You hear a trumpeting!
The jumping spider pounces on you! The jumping spider misses you.
An elephant comes into view.
You have reached level 10!
The jumping spider leaps!
The jumping spider pounces on you!
* * * LOW HITPOINT WARNING * * *
The jumping spider bites you but does no damage.
You see here 2 javelins.
The jumping spider leaps!
The elephant tramples you!
* * * LOW HITPOINT WARNING * * *
You hold your ground!
The elephant trunk-slaps you.
* * * LOW HITPOINT WARNING * * *
There is an open door, spattered with blood here.
Things that are here:
2 large rocks; a dream sheep corpse; a dream sheep corpse You feel much better.
The elephant misses you. The elephant barely misses you.
The jumping spider leaps!
You barely miss the jumping spider.
The jumping spider is almost dead.
You hit the elephant but do no damage. The jumping spider pounces on you!
* * * LOW HITPOINT WARNING * * *
You are caught in a web!
The jumping spider completely misses you.
The elephant tramples you!
* * * LOW HITPOINT WARNING * * *
You hold your ground!
The elephant trunk-slaps you.
* * * LOW HITPOINT WARNING * * *
The jumping spider pounces on you!
* * * LOW HITPOINT WARNING * * *
The jumping spider misses you. The elephant tramples you!
You die...

#####......#.÷#......#
#..##................#
#))#####'#####'°######
#.)##.......##')### ###
#))##.......##....##..+
#[[##.......##...##...#
#'###...<...##..##...#
...##.......##.s#...#
...##.......##.(@†.#
#####.......##.##Y.#
#..############# ..+
#.########### ..#
#÷#....#..[[# ..#
#†#....#..[[# #..
#)'....'....# #..
#'#....#...)# ..
'.#....#..))#


You could see an elephant and a jumping spider.

Vanquished Creatures
  An orc sorcerer (D)
  A smoke demon (D)
  An ice devil (D)
  A red devil (D)
  7 dream sheep (D)
  3 vampire mosquitoes (D)
  A water moccasin (D)
  Edmund (D)
  A sky beast (D)
  A centaur (D)
  A phantom (D)
  A necrophage (D)
  A jelly (D)
  2 gnolls (D)
  An adder (D)
  A river rat (D)
  An ufetubus (D)
  A ball python (D)
  A bat (D)
  2 bat skeletons (D)
  A giant cockroach (D)
  A frilled lizard (D)
  A giant cockroach zombie (D)
  A quokka skeleton (D)
34 creatures vanquished.

Vanquished Creatures (others)
  A black bear (D)
  An adder (D)
  An endoplasm (D)
3 creatures vanquished.

Grand Total: 37 creatures vanquished

Notes
Turn   | Place    | Note
-------+----------+-------------------------------------------
     0 | D        | rocky1 the Ogre Gladiator began the quest for the Orb.
     0 | D        | Reached XP level 1. HP: 22/22 MP: 1/1
    19 | D        | Found a bloodstained altar of Trog.
    19 | D        | Found a shimmering blue altar of Sif Muna.
    19 | D        | Found a viscous altar of Jiyva.
    19 | D        | Found a hazy altar of Hepliaklqana.
    19 | D        | Found an opulent altar of Gozag.
    20 | D        | Found a glowing golden altar of the Shining One.
    20 | D        | Found a glowing silver altar of Zin.
    20 | D        | Found a basalt altar of Yredelemnul.
    20 | D        | Found a shimmering altar of Xom.
    20 | D        | Found an ornate altar of the Wu Jian Council.
    20 | D        | Found a sacrificial altar of Ru.
    20 | D        | Found a stormy altar of Qazlal.
    20 | D        | Found an iron altar of Okawaru.
    20 | D        | Found a sparkling altar of Nemelex Xobeh.
    20 | D        | Found a burning altar of Makhleb.
    20 | D        | Found a blossoming altar of Fedhas.
    20 | D        | Found a white marble altar of Elyvilon.
    20 | D        | Found a shadowy altar of Dithmenos.
    20 | D        | Found a snail-covered altar of Cheibriados.
    22 | D        | Found a corrupted altar of Lugonu.
    22 | D        | Found a radiant altar of Vehumet.
    23 | D        | Found an ancient bone altar of Kikubaaqudgha.
    23 | D        | Found a hide-covered altar of Uskayaw.
    23 | D        | Found a broken altar of Ashenzari.
    27 | D        | Became a worshipper of Warmaster Okawaru
    82 | D        | Reached skill level 4 in Axes
    82 | D        | Reached XP level 2. HP: 20/32 MP: 2/2
   247 | D        | Reached XP level 3. HP: 16/39 MP: 3/3
   345 | D        | Reached skill level 5 in Axes
   523 | D        | Noticed Edmund
   523 | D        | Noticed a centaur
   525 | D        | Noticed a black bear
   526 | D        | Noticed a water moccasin
   529 | D        | Killed a black bear
   530 | D        | Reached skill level 6 in Axes
   530 | D        | Reached XP level 4. HP: 36/52 MP: 4/4
   530 | D        | Reached XP level 5. HP: 41/59 MP: 5/5
   539 | D        | Killed Edmund
   539 | D        | Reached * piety under Okawaru
   540 | D        | Reached skill level 8 in Axes
   540 | D        | Reached skill level 5 in Throwing
   540 | D        | Reached skill level 5 in Dodging
   543 | D        | Killed a water moccasin
   544 | D        | Reached XP level 6. HP: 56/72 MP: 6/6
   556 | D        | Reached skill level 9 in Axes
   797 | D        | Noticed a red devil
   805 | D        | Killed a red devil
   805 | D        | Reached ** piety under Okawaru
   806 | D        | Reached skill level 10 in Axes
   806 | D        | Reached XP level 7. HP: 32/83 MP: 7/7
  1175 | D        | Noticed a vampire mosquito
  1175 | D        | Noticed a vampire mosquito
  1175 | D        | Noticed a vampire mosquito
  1175 | D        | Noticed an ice devil
  1185 | D        | Killed a vampire mosquito
  1186 | D        | Reached skill level 10 in Fighting
  1186 | D        | Reached skill level 11 in Axes
  1186 | D        | Reached XP level 8. HP: 82/93 MP: 8/8
  1197 | D        | Reached *** piety under Okawaru
  1209 | D        | Killed an ice devil
  1217 | D        | Found the +12 glaive of Prune {vorpal}
  1434 | D        | Noticed a smoke demon
  1450 | D        | Killed a smoke demon
  1450 | D        | Received a gift from Okawaru
  1451 | D        | Reached skill level 12 in Axes
  1451 | D        | Reached skill level 5 in Maces & Flails
  1451 | D        | Reached XP level 9. HP: 53/105 MP: 9/9
  1596 | D        | Noticed an orc sorcerer
  1597 | D        | Noticed a red devil
  1609 | D        | Killed an orc sorcerer
  1609 | D        | Reached **** piety under Okawaru
  1873 | D        | Reached skill level 13 in Axes
  1881 | D        | Received a gift from Okawaru
  1882 | D        | Reached skill level 1 in Invocations
  1890 | D        | Received a gift from Okawaru
  1890 | D        | Noticed an elephant
  1891 | D        | Reached XP level 10. HP: 36/118 MP: 8/11
  1895 | D        | Mangled by an elephant

Illustrated notes

Levels and vault maps discovered:
D:        pitsprint [storerooms_1, entrance_room_1, metal_vault_7, armoury_1,
          mini_pit_1, grid_room_1, main_hall_1, silver_pit, the_coven_3,
          the_vestibule_1, steel_vault_3, golden_pit, hallway_of_sentries,
          crystal_vault_1, iron_vault_1, final_vault]

Skill      XL: |  1  2  3  4  5  6  7  8  9 |
---------------+----------------------------+-----
Dodging        | 3 4 5 6 7 8 9 |  9.4
Fighting       | 3 4 6 7 9 10 11 12 | 12.8
Axes           | 4 6 8 10 11 12 13 | 13.9
Throwing       | 3 4 5 7 8 9 |  9.8
Maces & Flails | 2 3 5 6 |  6.7
Invocations    | 2 |  2.5

Action                   |  1- 3 |  4- 6 |  7- 9 | 10-12 || total
-------------------------+-------+-------+-------+-------++-------
Melee: War axe           |    32 |       |    15 |     1 ||    48
       Hand axe          |     4 |    20 |       |       ||    24
       Dire flail        |       |     7 |    64 |       ||    71
Throw: Dart              |       |       |     1 |       ||     1
Invok: Heroism           |       |       |     2 |       ||     2
  Use: Potion            |     1 |     3 |     2 |     1 ||     7
 Stab: Invisible         |     1 |     1 |       |       ||     2
Armor: Robe              |     4 |     3 |    34 |     1 ||    42
Dodge: Dodged            |    25 |    27 |    46 |     4 ||   102

Table legend: (Time is in decaauts)
 A = Elapsed time spent in this place.
 B = Non-inter-level travel time spent in this place.
 C = Inter-level travel time spent in this place.
 D = Time resting spent in this place.
 E = Time spent auto-exploring this place.
 F = Levels seen in this place.
 G = Mean time per level.
                   A        B        C        D        E       F      G
               +--------+--------+--------+--------+--------+-----+--------+
         Total |   1888 |   1815 |     73 |   1429 |      0 |   1 | 1888.0 |
       Dungeon |   1888 |   1815 |     73 |   1429 |      0 |   1 | 1888.0 |
               +--------+--------+--------+--------+--------+-----+--------+

Top non-repeatable levels by time:
       D: 1888 daAuts
